[Event "*** Titled Tuesday 3|2 Blitz (Late)"]
[Site "Chess.com"]
[Date "2016.12.06"]
[Round "3"]
[White "Rating-Schmating"]
[Black "sorito"]
[Result "1-0"]
[WhiteElo "2244"]
[BlackElo "2343"]
[TimeControl "180+2"]
[EndTime "17:33:11 PST"]
[Termination "Rating-Schmating won by resignation"]

1. e4 d6 2. Nf3 Nf6 3. Nc3 Bg4 4. d4 e6 5. h3 Bh5 6. Be2 d5 7.
exd5 exd5 8. Bg5 Be7 9. Qd2 O-O 10. O-O-O c6 11. g4 Bg6 12. Ne5 Nbd7 13. Nxg6 fxg6 14. Bd3 b5 15. f4 Nb6 16. f5 gxf5 17. Bxf5 Nc4 18.
Qe2 Qd6 19. Rde1 Rae8 20. Qe6+ Kh8 21. Bxf6 Rxf6 22. Qd7 Rxf5 23. Qxe8+ Bf8 24. gxf5 Qb4 25. Re7 Qxe7 26. Qxe7 Bxe7 27. Re1 Bg5+ 28. Kb1 h5 29. Re8+ Kh7 30. Rc8 Be3 31. Rxc6 Bxd4 32. Nxb5 Bb6 33. a4 Ne3 34. a5 Bxa5 35. Nxa7 Nxf5 36. Rc5 Bb6 37.
Rxd5 Kg6 38. Nc8 Bc7 39. Rd7 Be5 40. b4 Kf6 41. b5 Ke6 42. Rd1 Nd4 43. b6 Kd7 44. b7 Kc7 45. Re1 Nc6 46. Ne7 Bd6 47.
Nxc6 Kxc6 48. Re6 1-0

[Event "*** Titled Tuesday 3|2 Blitz (Late)"]
[Site "Chess.com"]
[Date "2016.12.06"]
[Round "3"]
[White "AllStarShark"]
[Black "Kawhi_Leonard2"]
[Result "1-0"]
[WhiteElo "2344"]
[BlackElo "2218"]
[TimeControl "180+2"]
[EndTime "17:33:12 PST"]
[Termination "AllStarShark won on time"]

1. d4 Nf6 2. Bg5 Ne4 3. Bf4 d5 4. e3 c5 5. c3 e6 6. Bd3 Nc6 7. Bxe4 dxe4 8. Nd2 f5 9. Ne2 Be7 10. a3 O-O 11. b4 b6 12. Qb3 Kh8 13. b5 Na5 14.
Qa2 Bd7 15. Rb1 Qe8 16. a4 Rc8 17. O-O Bf6 18. Bg3 e5 19. dxc5 Rxc5 20. Nb3 Be6 21. Nec1 Nxb3 22. Nxb3 Rxc3 23. Qa3 Be7 24. Qa2 f4 25.
exf4 exf4 26. Bxf4 Rxf4 27. Qd2 Rxb3 28. Qxf4 Rxb1 29.
Rxb1 Bd5 30. Rc1 h6 31. Qe5 Qd8 32. Qf5 1-0

[Event "*** Titled Tuesday 3|2 Blitz (Late)"]
[Site "Chess.com"]
[Date "2016.12.06"]
[Round "3"]
[White "Bishops83"]
[Black "SwiftyMcBishop"]
[Result "0-1"]
[WhiteElo "2267"]
[BlackElo "2120"]
[TimeControl "180+2"]
[EndTime "17:33:14 PST"]
[Termination "SwiftyMcBishop won by resignation"]

1. e4 d5 2. exd5 Qxd5 3. Nf3 c6 4. d4 Bf5 5. Be2 Nf6 6. O-O e6 7. c4 Qa5 8. Nc3 Be7 9. Qb3 Qc7 10. Ne5 Nbd7 11. f4 a6 12. Bf3 Rb8 13. a4 c5 14.
Nxd7 Qxd7 15. d5 O-O 16. Be3 Qc7 17. Rad1 Bd6 18. g3 Ng4 19. Bc1 e5 20. Ne2 b5 21.
axb5 axb5 22. cxb5 c4 23. Qa4 Qc5+ 24. Kg2 Ra8 25. b4 Qb6 26. Nc3 Rxa4 27. Nxa4 Qxb5 28. Nc3 Qxb4 29. Bd2 Qb2 30. Ne2 e4 31. Bxg4 Bxg4 32.
Rfe1 Bf3+ 33. Kf1 Rc8 34. Bc3 Qc2 35. Rd2 Bxe2+ 0-1

[Event "*** Titled Tuesday 3|2 Blitz (Late)"]
[Site "Chess.com"]
[Date "2016.12.06"]
[Round "3"]
[White "ShimanovAlex"]
[Black "Pierrebl"]
[Result "1-0"]
[WhiteElo "2658"]
[BlackElo "2453"]
[TimeControl "180+2"]
[EndTime "17:33:23 PST"]
[Termination "ShimanovAlex won by resignation"]

1. d4 Nf6 2. Nf3 d6 3. c4 g6 4.
Nc3 Bg7 5. e4 O-O 6. h3 Na6 7. Be3 e5 8. d5 Nh5 9. Nd2 Qe8 10. g3 f5 11. exf5 gxf5 12. Be2 Nf6 13. Qc2 Nb4 14. Qb3 a5 15. a3 Na6 16. Qc2 Nc5 17.
O-O-O c6 18. g4 cxd5 19. cxd5 Bd7 20. Bxc5 dxc5 21. Nc4 e4 22. Nd6 Qe5 23. Nxf5 Bxf5 24. gxf5 Qxf5 25. Kb1 Qxf2 26. d6 Kh8 27. d7 Rad8 28. Bb5 e3 29. Rhf1 Qxc2+ 30. Kxc2 Rf7 31. Rf3 Re7 32. Rf5 Nxd7 33. Ne2 c4 34. Rfd5 c3 35. bxc3 Re5 36. Bxd7 Rxd5 37. Rxd5 Rf8 38. Kd3 1-0

[Event "*** Titled Tuesday 3|2 Blitz (Late)"]
[Site "Chess.com"]
[Date "2016.12.06"]
[Round "3"]
[White "stalyansky"]
[Black "jposthuma"]
[Result "1-0"]
[WhiteElo "2132"]
[BlackElo "2200"]
[TimeControl "180+2"]
[EndTime "17:33:28 PST"]
[Termination "stalyansky won by resignation"]

1. e4 c6 2. d4 d5 3. exd5 cxd5 4.
Bd3 Nc6 5. c3 Qc7 6. h3 Nf6 7. Nf3 e6 8. O-O Bd6 9. Re1 O-O 10. Nbd2 Na5 11. Nf1 Nc4 12. Qc2 h6 13. N1h2 b5 14. a3 Bd7 15. Ng4 Nxg4 16. hxg4 e5 17.
dxe5 Nxe5 18. Nxe5 Bxe5 19. g5 hxg5 20. Bxg5 d4 21.
Bh7+ Kh8 22. Qe4 Rfe8 23. Qh4 f6 24. Bg6+ Kg8 25. Qh7+ Kf8 26. Qh8+ Ke7 27. Qxg7+ Kd6 28. cxd4 Bxd4 29. Bxe8 Rxe8 30. Bf4+ Be5 31. Qxf6+ Re6 32. Bxe5+ Kc6 33. Qxe6+ Bxe6 34. Bxc7 Bb3 35. Rac1+ Kd7 36. g4 Be6 37. g5 Bf5 38. Re5 Bg6 39. Ba5 a6 40.
Rce1 Kd6 41. f4 1-0

[Event "*** Titled Tuesday 3|2 Blitz (Late)"]
[Site "Chess.com"]
[Date "2016.12.06"]
[Round "3"]
[White "Sethu0025"]
[Black "Wilsonpalencia"]
[Result "0-1"]
[WhiteElo "2619"]
[BlackElo "2435"]
[TimeControl "180+2"]
[EndTime "17:33:37 PST"]
[Termination "Wilsonpalencia won by resignation"]

1. e4 c5 2. Nf3 d6 3. d4 cxd4 4. Nxd4 Nf6 5. Nc3 g6 6. Be3 Bg7 7. f3 O-O 8. Qd2 Nc6 9. Bc4 Ne5 10.
Be2 Bd7 11. h4 h5 12. O-O-O Rc8 13. Kb1 Re8 14. g4 hxg4 15. h5 Nxh5 16. f4 Nc4 17. Bxc4 Rxc4 18. f5 Qa5 19. Nb3 Qe5 20. Bd4 Rxd4 21.
Nxd4 Rc8 22. Nd5 Ng3 23. Qg5 Re8 24. Rhe1 Nxe4 25. Qxg4 Qxd5 26. Qxe4 Qxe4 27. Rxe4 gxf5 28. Re2 e5 29. Nf3 f4 30. Rg2 Kf8 31. Ng5 Bf5 32.
Rxd6 e4 33. Rd5 f3 34. Rf2 e3 35. Rf1 e2 36. Rc1 e1=Q 37. Rxf5 f2 38. a3 Qxc1+ 0-1

[Event "*** Titled Tuesday 3|2 Blitz (Late)"]
[Site "Chess.com"]
[Date "2016.12.06"]
[Round "3"]
[White "spirals5"]
[Black "nonsopolo1"]
[Result "1/2-1/2"]
[WhiteElo "2273"]
[BlackElo "2187"]
[TimeControl "180+2"]
[EndTime "17:33:38 PST"]
[Termination "Game drawn by repetition"]

1. e4 d5 2. e5 c5 3. Bb5+ Bd7 4. Bxd7+ Qxd7 5. f4 Nh6 6. Nf3 Nf5 7. O-O h5 8. Nc3 g6 9. g3 Bh6 10. d4 cxd4 11. Nxd4 Nxd4 12. Qxd4 e6 13. Be3 O-O 14. Rad1 Nc6 15. Qa4 Rfc8 16. h4 Qe7 17. Bf2 Kh8 18. Ne2 Nb4 19. c3 Nc6 20. Nd4 a6 21. Nf3 b5 22.
Qc2 b4 23. Qd2 bxc3 24. Qxc3 Nb4 25. Qa3 Bf8 26. Nd4 Qb7 27. Qb3 Qd7 28. a3 Nc6 29. Rc1 Rab8 30. Qa2 Na5 31. b4 Nc4 32. Nf3 Qa4 33.
Ra1 Be7 34. Ng5 a5 35. Nxf7+ Kg7 36. Ng5 Bxg5 37. fxg5 axb4 38. axb4 Qxa2 39. Rxa2 Rxb4 40. Ra7+ Kg8 41. Re7 Rc6 42. Be1 Rb1 43. Ref7 Rc8 44. R7f3 Nxe5 45. Rf6 Nd3 46. Bd2 Rb2 47. Rxg6+ Kh7 48.
Rh6+ Kg8 49. Rff6 Rxd2 50. Rhg6+ Kh8 51. Rh6+ Kg8 52. Rhg6+ Kh8 53. Rh6+ Kg8 54. Rhg6+ 1/2-1/2

[Event "*** Titled Tuesday 3|2 Blitz (Late)"]
[Site "Chess.com"]
[Date "2016.12.06"]
[Round "3"]
[White "platy3"]
[Black "Durarbayli"]
[Result "1-0"]
[WhiteElo "2707"]
[BlackElo "2590"]
[TimeControl "180+2"]
[EndTime "17:33:43 PST"]
[Termination "platy3 won by resignation"]

1. e4 e5 2. Nf3 Nc6 3. Bb5 a6 4.
Ba4 Nge7 5. c3 g6 6. O-O b5 7.
Bc2 d6 8. d4 exd4 9. cxd4 Bg7 10.
h3 O-O 11. Nc3 Bb7 12. Re1 Na5 13. Bg5 h6 14. Bh4 Qd7 15. Rc1 Rfe8 16. Bb1 Nc4 17. b3 Na3 18. Bd3 c5 19. d5 Rac8 20. Bg3 c4 21. bxc4 Nxc4 22. Qb3 f5 23. a4 fxe4 24. Bxe4 Nf5 25. Bxf5 Rxe1+ 26. Rxe1 Qxf5 27. Re7 Bxd5 28. Nxd5 Qxd5 29. axb5 axb5 30. Nh4 Bf6 31. Nxg6 Qf5 32. Nh4 Qh5 33. Re4 d5 34. Rg4+ Kf7 35. Qxb5 Re8 36. Rxc4 Qd1+ 37. Kh2 dxc4 38. Qxc4+ Kf8 39. Nf5 Re1 40.
Bd6+ Ke8 41. Qg8+ Kd7 42. Qf7+ Kc6 43. Qxf6 Rh1+ 44. Kg3 Qd3+ 45. f3 h5 46. Bf4+ Kb5 47. Nd6+ Ka4 48. Ne4 Qd1 49. Nc3+ 1-0

[Event "*** Titled Tuesday 3|2 Blitz (Late)"]
[Site "Chess.com"]
[Date "2016.12.06"]
[Round "3"]
[White "hypert"]
[Black "LornerAcosta"]
[Result "0-1"]
[WhiteElo "2277"]
[BlackElo "2378"]
[TimeControl "180+2"]
[EndTime "17:33:52 PST"]
[Termination "LornerAcosta won by checkmate"]

1. e4 b6 2. d4 Bb7 3. Bd3 e6 4.
Nf3 c5 5. c4 cxd4 6. Nxd4 Bb4+ 7. Bd2 Bxd2+ 8. Qxd2 Ne7 9. O-O O-O 10. Nc3 Nbc6 11. Be2 Nxd4 12. Qxd4 f5 13. Rad1 Bc6 14. e5 f4 15. Bd3 Nf5 16. Bxf5 Rxf5 17. f3 Qg5 18. Ne4 Qh4 19. b4 Rd8 20. Rf2 Rh5 21.
h3 Bxe4 22. Qxe4 Qg5 23. Rfd2 Qxe5 24. Rxd7 Rxd7 25. Qa8+ Kf7 26. Rxd7+ Kg6 27. Qe4+ Qxe4 28. fxe4 a5 29. b5 Rc5 30. Rd6 Kf6 31. Rxb6 Rxc4 32. Ra6 Ra4 33. b6 Rxa2 34. b7 Rb2 35. Rxa5 Rxb7 36.
Kf2 Rb3 37. Rc5 h6 38. Ra5 Re3 39. Ra4 g5 40. h4 gxh4 41. Ra5 h3 42. Rh5 hxg2 43.
Kxg2 Rxe4 44. Kf3 Kg6 45. Ra5 Rb4 46. Re5 Kf6 47. Rh5 e5 48. Rxh6+ Kf5 49. Rh5+ Ke6 50.
Rh8 Rb3+ 51. Ke4 Re3# 0-1

[Event "*** Titled Tuesday 3|2 Blitz (Late)"]
[Site "Chess.com"]
[Date "2016.12.06"]
[Round "3"]
[White "Quiet_Desperation"]
[Black "josiwales"]
[Result "1-0"]
[WhiteElo "2309"]
[BlackElo "2234"]
[TimeControl "180+2"]
[EndTime "17:33:53 PST"]
[Termination "Quiet_Desperation won by resignation"]

1. e4 c5 2. Nf3 Nc6 3. d4 cxd4 4. Nxd4 g6 5. Nb3 Bg7 6. Bd3 Nf6 7. O-O O-O 8. Nc3 d5 9. exd5 Nxd5 10. Nxd5 Qxd5 11.
Qe2 Be6 12. Be4 Qc4 13. Bd3 Qd5 14. Re1 Rad8 15. Be4 Qc4 16. Qxc4 Bxc4 17. c3 e6 18. Be3 Bd5 19. Bxd5 Rxd5 20. Kf1 Rfd8 21. Ke2 b6 22. Rad1 f5 23. Rxd5 Rxd5 24. Rd1 Kf7 25. Rxd5 exd5 26. f4 Ke6 27. Kd3 Kd6 28. Bd4 Bxd4 29. Nxd4 Nxd4 30.
Kxd4 h6 31. b4 a6 32. a4 g5 33. g3 g4 34. c4 dxc4 35. Kxc4 Kc6 36. Kd4 Kd6 37. Kc4 Kc6 38. Kd4 Kd6 39. Kc4 Kc6 40. Kd4 Kd6 41. Kc4 h5 42. a5 bxa5 43. bxa5 Kc6 44. Kd4 Kb5 45. Ke5 Kxa5 46. Kxf5 Kb4 47.
Kg6 a5 48. f5 a4 49. f6 a3 50. f7 a2 51. f8=Q+ Kb3 52. Qf6 Kc2 53. Qa1 1-0

[Event "*** Titled Tuesday 3|2 Blitz (Late)"]
[Site "Chess.com"]
[Date "2016.12.06"]
[Round "3"]
[White "MFBerna"]
[Black "ecwinslow"]
[Result "0-1"]
[WhiteElo "2194"]
[BlackElo "2089"]
[TimeControl "180+2"]
[EndTime "17:34:08 PST"]
[Termination "ecwinslow won on time"]

1. e4 c5 2. Nf3 d6 3. d4 cxd4 4.
Nxd4 Nf6 5. Nc3 a6 6. Bg5 e6 7. f4 Be7 8. Qf3 h6 9. Bh4 Qc7 10.
O-O-O Nbd7 11. f5 e5 12. Nb3 b5 13. g4 Bb7 14. Bd3 b4 15. Ne2 a5 16. Ng3 a4 17.
Nd2 Nc5 18. Bxf6 gxf6 19. Bc4 Ba6 20. Qe2 b3 21. Bxa6 Rxa6 22. Qb5+ Kf8 23. Nc4 bxa2 24.
Kd2 h5 25. gxh5 Kg7 26. Rhg1 Kh6 27. Ke2 Rb8 28. Nb6 Raxb6 29. Qc4 Bf8 30. Nf1 Rxb2 31. Ne3 R2b4 32. Qxa2 Nxe4 33. Nd5 Qc4+ 34. Qxc4 Rxc4 35. Kf3 Rd4 36. Rxd4 Ng5+ 37. Rxg5 Kxg5 38. Rxa4 Kxf5 39.
h6 Bxh6 40. Rh4 Bg5 0-1

[Event "*** Titled Tuesday 3|2 Blitz (Late)"]
[Site "Chess.com"]
[Date "2016.12.06"]
[Round "3"]
[White "viditchess"]
[Black "jcibarra"]
[Result "1-0"]
[WhiteElo "2605"]
[BlackElo "2626"]
[TimeControl "180+2"]
[EndTime "17:34:12 PST"]
[Termination "viditchess won by resignation"]

1. d4 Nf6 2. Nf3 g6 3. g3 Bg7 4.
Bg2 d6 5. O-O O-O 6. b3 c5 7. Bb2 cxd4 8. Nxd4 d5 9. c4 e5 10.
Nf3 e4 11. Nd4 e3 12. fxe3 dxc4 13. Na3 c3 14. Bxc3 Qe7 15. Nc4 Nc6 16. Nxc6 bxc6 17.
Qd6 Qxd6 18. Nxd6 Ng4 19. Bxg7 Kxg7 20. Bxc6 Rb8 21. Nxc8 Rbxc8 22. Bd7 Nxe3 23. Bxc8 Nxf1 24. Rc1 Ne3 25. Ba6 Rd8 26. Bd3 Rd7 27. b4 f5 28.
b5 Kf6 29. a4 g5 30. a5 f4 31. Rc6+ Ke5 32. Rc5+ Kf6 33. b6 axb6 34. axb6 Rb7 35.
Rb5 Rb8 36. b7 fxg3 37. hxg3 h5 38. Be4 Nc4 39. Rf5+ Ke6 40. Rxg5 Nd6 41. Bf3 Kd7 42. Rxh5 Kc7 43. Rc5+ Kd7 44. Rc8 Rxb7 45. Bxb7 Nxc8 46. Bxc8+ 1-0

[Event "*** Titled Tuesday 3|2 Blitz (Late)"]
[Site "Chess.com"]
[Date "2016.12.06"]
[Round "3"]
[White "Hikaru"]
[Black "KNVB"]
[Result "1-0"]
[WhiteElo "2912"]
[BlackElo "2540"]
[TimeControl "180+2"]
[EndTime "17:34:17 PST"]
[Termination "Hikaru won by resignation"]

1. d4 d5 2. Bf4 Nf6 3. e3 e6 4. c4 Bd6 5. Bxd6 cxd6 6. Nc3 dxc4 7.
Bxc4 O-O 8. Nf3 b6 9. Bd3 Bb7 10. e4 Nc6 11. O-O Rc8 12. Rc1 Qe7 13. a3 Rfd8 14.
Qe2 e5 15. Nd5 Nxd5 16. exd5 Nb8 17. dxe5 Rxc1 18. Rxc1 Bxd5 19. Bxh7+ Kxh7 20. Qd3+ Kg8 21. Qxd5 dxe5 22. Qxe5 Qxe5 23. Nxe5 Na6 24. g3 Nc5 25. b4 Ne6 26. h4 f6 27. Nc6 Rd7 28. Kg2 Kf7 29. Rc4 a6 30. Nb8 Rd3 31. Nxa6 Rxa3 32. Nc7 Nd8 33. Nd5 b5 34. Rc7+ Kf8 35. Nf4 Rb3 36. Rd7 Ke8 37. Rxg7 Rxb4 38. Nd5 Rd4 39.
Nxf6+ Kf8 40. Ra7 Rd6 41. Rd7 Rxd7 42. Nxd7+ Ke7 43. Nc5 Kd6 44. Nb3 Kd5 45. h5 Kc4 46.
Na5+ Kc5 47. g4 b4 48. g5 Ne6 49. g6 Nf4+ 50. Kf3 Nxh5 51. Kg4 Ng7 52. Kg5 Kb5 53. Nb3 Kc4 54. Nc1 Kd5 55. f3 Ke5 56. Nd3+ Ke6 57. Nxb4 Ke7 58. Nd5+ Kf8 59. Nc7 Ke7 60. f4 1-0

[Event "*** Titled Tuesday 3|2 Blitz (Late)"]
[Site "Chess.com"]
[Date "2016.12.06"]
[Round "3"]
[White "dretch"]
[Black "nonscitis"]
[Result "1/2-1/2"]
[WhiteElo "2578"]
[BlackElo "2373"]
[TimeControl "180+2"]
[EndTime "17:34:25 PST"]
[Termination "Game drawn by repetition"]

1. d4 Nf6 2. c4 e6 3. Nc3 Bb4 4.
Qc2 O-O 5. a3 Bxc3+ 6. Qxc3 d5 7. Nf3 b6 8. Bg5 dxc4 9. Qxc4 Ba6 10. Qa4 h6 11. Bh4 Qd7 12. Qc2 Nc6 13. Bxf6 gxf6 14.
Rd1 Rad8 15. e4 Bxf1 16. Kxf1 Ne7 17. h4 c5 18. Rh3 cxd4 19. Rg3+ Kh7 20. e5+ f5 21.
Qd2 d3 22. Ng5+ hxg5 23. Qxg5 Ng6 24. h5 Rg8 25. hxg6+ Rxg6 26. Rh3+ Kg7 27. Qh4 Kf8 28.
Qh8+ Ke7 29. Qh4+ Kf8 30. Rd2 Qc7 31. Qh8+ Rg8 32. Qh6+ Ke8 33. Kg1 Qc1+ 34. Kh2 Qc6 35. Rg3 Rxg3 36. Kxg3 Qe4 37. Qf4 Qe1 38. Qa4+ Kf8 39.
Qf4 Rd4 40. Qxd4 Qxd2 41. Qd8+ Kg7 42. Qf6+ Kg8 43. Qd8+ Kh7 44. Qh4+ Kg7 45. Qf6+ Kg8 46. Qd8+ Kh7 47. Qh4+ Kg8 48. Qd8+ Kh7 49. Qh4+ 1/2-1/2

[Event "*** Titled Tuesday 3|2 Blitz (Late)"]
[Site "Chess.com"]
[Date "2016.12.06"]
[Round "3"]
[White "CemilCan"]
[Black "Astaneh"]
[Result "0-1"]
[WhiteElo "2502"]
[BlackElo "2466"]
[TimeControl "180+2"]
[EndTime "17:34:28 PST"]
[Termination "Astaneh won by resignation"]

1. e4 c6 2. Nf3 d5 3. exd5 cxd5 4. Ne5 Nd7 5. d4 Ngf6 6. c3 e6 7. Bd3 Nxe5 8. dxe5 Nd7 9. Qe2 Qc7 10. f4 Bc5 11. Nd2 a5 12. Nf3 Qb6 13. h4 f5 14.
exf6 gxf6 15. Nd4 e5 16. fxe5 Nxe5 17. Bb5+ Kd8 18. Bf4 Bg4 19. Nf3 Nc4 20. O-O-O Qxb5 21. Rxd5+ Kc8 22. Rhd1 Ra6 23. b3 Ba3+ 24. Kb1 Bf5+ 25.
Ka1 Qxd5 26. Rxd5 Bb2+ 27. Qxb2 Nxb2 28. Rxf5 Nd3 29. Bd2 Re8 30. Nd4 Rg8 31. Rf3 Nc5 32. g3 Ne4 33. Bf4 a4 34. Kb1 axb3 35. axb3 Ra5 36. Re3 f5 37. Nxf5 Nd2+ 38. Kc2 Rxf5 39. Kxd2 h5 40. Re7 Rd8+ 41. Ke3 Rd7 42. Re8+ Rd8 43.
Re7 Rd7 44. Re6 Rfd5 45. Ke4 Rd3 46. Be5 Rd1 47. Kf5 R7d5 48. Ke4 Rb5 49. b4 Re1+ 50.
Kd4 Kd7 51. Rd6+ Ke7 52. Rd5 Rd1+ 53. Ke4 Rbxd5 54. Bf4 Ke6 0-1

[Event "*** Titled Tuesday 3|2 Blitz (Late)"]
[Site "Chess.com"]
[Date "2016.12.06"]
[Round "3"]
[White "GianmarcoVaR"]
[Black "Noukii"]
[Result "0-1"]
[WhiteElo "2404"]
[BlackElo "2653"]
[TimeControl "180+2"]
[EndTime "17:34:35 PST"]
[Termination "Noukii won by resignation"]

1. d4 Nf6 2. c4 c6 3. Nf3 d5 4. e3 Bf5 5. Nc3 e6 6. Nh4 Be4 7. f3 Bg6 8. Qb3 Qc7 9. g3 Be7 10.
Bd2 O-O 11. Nxg6 hxg6 12. cxd5 cxd5 13. Rc1 Nc6 14. Be2 Rac8 15. Kf2 Rfd8 16. Rhd1 a6 17. Kg2 Na5 18. Qc2 Nc4 19. Bxc4 dxc4 20. Ne2 b5 21. e4 Qb7 22. Ba5 Re8 23. a3 g5 24.
h3 Nd7 25. Nc3 Bd8 26. Bxd8 Rexd8 27. d5 Nc5 28. Qd2 Qe7 29. Qe2 Nb3 30. Rc2 e5 31. Qe3 f6 32. Re2 Qc5 33. Qxc5 Nxc5 34. Red2 Rd6 35.
Na2 Nb3 36. Rc2 a5 37. Rc3 Nc5 38. Rc2 Kf7 39. Rdc1 Nd3 40. Rd1 Nc5 41. Rdc1 Nb3 42. Rd1 Ke7 43. Kf2 Rh8 44. Kg2 Rb6 45. Nc3 Kd6 46. Na2 Rh7 47. Nc3 Rb8 48. a4 Nd4 49. Nxb5+ Rxb5 50. Rxd4 exd4 51. axb5 Kc5 52. b6 Rh8 53. f4 gxf4 54. gxf4 Rb8 55. d6 d3 56. Rc1 Rxb6 57. e5 fxe5 58. fxe5 Rxb2+ 59. Kf3 d2 60. Rd1 c3 61. d7 Rb8 62. Ke4 c2 63. Rxd2 c1=Q 64.
d8=Q Rxd8 65. Rxd8 Qc4+ 66. Kf5 Qf7+ 67. Ke4 Qg6+ 68.
Kf4 Qh6+ 69. Kf5 Qxh3+ 70. Kg6 Qg4+ 71. Kf7 Qf5+ 72. Kg8 Qxe5 73. Ra8 Kb4 0-1

[Event "*** Titled Tuesday 3|2 Blitz (Late)"]
[Site "Chess.com"]
[Date "2016.12.06"]
[Round "3"]
[White "LPSupi"]
[Black "wonderfultime"]
[Result "1-0"]
[WhiteElo "2600"]
[BlackElo "2666"]
[TimeControl "180+2"]
[EndTime "17:34:37 PST"]
[Termination "LPSupi won by checkmate"]

1. d4 d5 2. Nf3 Nf6 3. c4 c6 4. Nc3 dxc4 5. a4 Bf5 6. Nh4 Bc8 7. e3 e5 8. Bxc4 exd4 9. exd4 Be7 10. O-O O-O 11. Re1 Nd5 12. Nf3 Bf6 13. Ne4 Be7 14.
Bd2 Na6 15. a5 Nac7 16. Qb3 Rb8 17. Ne5 Be6 18. Nc5 Bxc5 19. dxc5 Qe7 20. Qg3 f6 21. Nd3 Qf7 22. b3 Rbd8 23. Re2 Rfe8 24. Rae1 Kh8 25. h3 a6 26. Kh2 h6 27. Re4 Bf5 28. Rxe8+ Rxe8 29. Rxe8+ Qxe8 30. Nf4 Nxf4 31. Bxf4 Nd5 32. Bd6 Be6 33. Bd3 Bf7 34. Qf3 Qd8 35. Qe4 Bg8 36. Qg6 Nc7 37. Bf5 Nb5 38. Bf4 Nd4 39. Be4 Qf8 40.
Be3 Nxb3 41. g4 Nxc5 42. Bf5 Ne6 43. h4 Nd8 44. Bc2 Nf7 45. g5 fxg5 46. hxg5 Qd6+ 47. Qxd6 Nxd6 48. gxh6 gxh6 49. Bd4# 1-0

[Event "*** Titled Tuesday 3|2 Blitz (Late)"]
[Site "Chess.com"]
[Date "2016.12.06"]
[Round "3"]
[White "capatl"]
[Black "Fandorine"]
[Result "0-1"]
[WhiteElo "2382"]
[BlackElo "2612"]
[TimeControl "180+2"]
[EndTime "17:34:39 PST"]
[Termination "Fandorine won by resignation"]

1. c4 e5 2. Nc3 Nf6 3. Nf3 Nc6 4. e3 Bb4 5. Qc2 Bxc3 6. Qxc3 Qe7 7. d4 exd4 8. Nxd4 Nxd4 9. Qxd4 O-O 10. Bd3 c5 11. Qh4 h6 12. O-O d5 13. cxd5 Nxd5 14.
Qxe7 Nxe7 15. b3 Bf5 16. Bxf5 Nxf5 17. Bb2 Rfd8 18. Rfd1 Nd6 19. Rd5 b6 20. Rad1 Nb7 21. Rd7 Kf8 22. g4 f6 23. Kg2 Rxd7 24. Rxd7 Nd8 25. Kf3 Ne6 26. h4 Rd8 27. Rxd8+ Nxd8 28.
Ke4 Ke7 29. Kd5 Kd7 30. f4 Nc6 31. Bc3 Ne7+ 32. Ke4 Kd6 33. h5 Nd5 34. Bb2 Ke6 35.
g5 b5 36. f5+ Kd6 37. gxh6 gxh6 38. a3 a5 39. Kf3 Ke7 40. e4 Nb6 41. Bc1 c4 42.
bxc4 Nxc4 43. Bxh6 Nxa3 44. Be3 Nc4 45. Bc5+ Kf7 46.
Ke2 b4 47. Kd3 b3 48. Bd4 Nd6 49. e5 Nxf5 50. exf6 Nxd4 51. Kc3 Kxf6 0-1

[Event "*** Titled Tuesday 3|2 Blitz (Late)"]
[Site "Chess.com"]
[Date "2016.12.06"]
[Round "3"]
[White "GrigorGrigorov"]
[Black "GeorgMeier"]
[Result "0-1"]
[WhiteElo "2468"]
[BlackElo "2768"]
[TimeControl "180+2"]
[EndTime "17:35:18 PST"]
[Termination "GeorgMeier won by resignation"]

1. d4 e6 2. Nf3 Nf6 3. e3 d5 4. c4 Be7 5. b3 O-O 6. Bb2 c5 7. Bd3 cxd4 8. exd4 Nc6 9. O-O b6 10.
Nbd2 Bb7 11. Qe2 Rc8 12. Rac1 Re8 13. Rfd1 Bf8 14. Nf1 g6 15. Ne3 Bg7 16. Bc3 a5 17. a3 Nh5 18. Qb2 Nf4 19. Bf1 Qe7 20. g3 Nh5 21. cxd5 exd5 22. Nxd5 Qe4 23. Ne3 Qxf3 24. Bg2 Qf6 25. d5 Ne5 26. Ng4 Qf5 27. Bxe5 Qxg4 28. Bxg7 Nxg7 29. Qf6 Rxc1 30. Rxc1 Rc8 31. Rc7 Rxc7 32. Qd8+ Ne8 33. Qxe8+ Kg7 34. Qe5+ Kh6 35. Qxc7 Qd1+ 36. Bf1 Qxd5 37. Qf4+ Kg7 38. f3 Qxf3 39. Qxf3 Bxf3 40. Kf2 Bd5 41. b4 axb4 42. axb4 Kf6 43. Ke3 Ke5 44. h4 h6 45. Be2 Be6 46. Bf3 g5 47. hxg5 hxg5 48. Bb7 Bd5 49. Bc8 Be4 50. Ba6 f5 51. Bf1 f4+ 52. gxf4+ gxf4+ 53. Kf2 Kd4 54. Ba6 Kc3 55. b5 Kc4 56. Ke2 Kc5 57. Kf2 Bd5 58.
Ke2 Kd6 59. Kf2 Kc7 60. Ke2 Bb7 61. Kf2 Bxa6 62. bxa6 Kb8 63. Kf3 Ka7 64. Kxf4 Kxa6 65. Ke3 Kb5 66. Kd3 Ka4 0-1

[Event "*** Titled Tuesday 3|2 Blitz (Late)"]
[Site "Chess.com"]
[Date "2016.12.06"]
[Round "3"]
[White "MaestroASK"]
[Black "tango_argentino"]
[Result "1/2-1/2"]
[WhiteElo "2450"]
[BlackElo "2358"]
[TimeControl "180+2"]
[EndTime "17:36:33 PST"]
[Termination "Game drawn by repetition"]

1. g3 g6 2. d3 Bg7 3. c3 Nf6 4. Bg2 e5 5. e4 O-O 6. Nh3 d5 7. f3 dxe4 8. dxe4 Qxd1+ 9. Kxd1 Nbd7 10. Nf2 a5 11. a4 Nc5 12. Kc2 Be6 13. Nd2 Rfd8 14.
Bh3 Ne8 15. Bxe6 Nxe6 16. Nd3 Nd6 17. b3 f6 18. Ba3 Kf7 19. Rhd1 Bf8 20. Bxd6 Bxd6 21.
Nc4 Be7 22. Rd2 Ng5 23. Rf1 b6 24. h4 Ne6 25. f4 exf4 26. gxf4 Nc5 27. Nxc5 Rxd2+ 28. Kxd2 Bxc5 29. f5 Re8 30. Kd3 Rd8+ 31. Ke2 Rg8 32.
fxg6+ hxg6 33. Ne5+ Ke6 34. Nd3 Bd6 35. Rh1 f5 36. exf5+ Kxf5 37. Kf3 Rf8 38. b4 Ra8 39. b5 Rh8 40. Nf2 Be7 41. Kg3 Rh5 42. Rh3 Bf6 43. c4 Be5+ 44. Kf3 Rh8 45. Ng4 Bd6 46. Ne3+ Ke5 47. Rg3 Rxh4 48. Rxg6 Bc5 49. Ng4+ Kd4 50. Rc6 Kxc4 51. Rxc7 Kb4 52. Nf6 Kxa4 53. Ne4 Kxb5 54.
Nxc5 bxc5 55. Rb7+ Kc4 56. Ra7 Kb4 57. Rb7+ Kc3 58.
Ke2 Rd4 59. Rb5 a4 60. Rxc5+ Kb4 61. Rc8 a3 62. Rb8+ Kc3 63. Ra8 Kb2 64. Rb8+ Ka1 65.
Ke3 Rd7 66. Ke2 a2 67. Ke1 Rd6 68. Ke2 Rh6 69. Kd2 Rh2+ 70. Kc1 Rh1+ 71. Kc2 Rh2+ 72. Kc1 Rh7 73. Rc8 Rb7 74. Kc2 Rb2+ 75. Kc1 Rb1+ 76. Kc2 Rb7 77. Kc1 Rh7 78. Kc2 Rh1 79. Rc7 Rh8 80. Kc1 Rf8 81. Kc2 Rf1 82. Rc8 Rb1 83. Rc7 Rb2+ 84. Kc1 Rb1+ 85. Kc2 Rb2+ 86. Kc1 Rb1+ 87. Kc2 Rb2+ 88. Kc1 Rb1+ 89. Kc2 Rb2+ 90. Kc1 Rb1+ 1/2-1/2

[Event "*** Titled Tuesday 3|2 Blitz (Late)"]
[Site "Chess.com"]
[Date "2016.12.06"]
[Round "4"]
[White "Rating-Schmating"]
[Black "Rumpel-VK"]
[Result "0-1"]
[WhiteElo "2240"]
[BlackElo "2457"]
[TimeControl "180+2"]
[EndTime "17:40:35 PST"]
[Termination "Rumpel-VK won by resignation"]

1. e4 d6 2. d4 Nf6 3. Nc3 e5 4. dxe5 dxe5 5. Qxd8+ Kxd8 6. Bc4 Ke8 7. Nf3 Bd6 8. Be3 a6 9. h3 Nc6 10. a4 h6 11.
O-O-O Be6 12. Bd5 Bxd5 13. exd5 Na5 14. b3 b6 15. Nd2 Kd7 16. Nde4 Nxe4 17. Nxe4 f5 18.
Nxd6 Kxd6 19. Kb2 Nb7 20. c4 a5 21. g3 Nc5 22. Bxc5+ Kxc5 23. Kc3 Rad8 24. Rhe1 e4 25.
Re3 Rhe8 26. Rde1 c6 27. dxc6 Kxc6 28. f3 exf3 29. Rxe8 Rxe8 30. Rf1 Re3+ 31. Kc2 g5 32. g4 f4 33. Kb2 Kc5 34. Kc2 Kb4 35. Rf2 Re2+ 36.
Rxe2 fxe2 37. Kd2 f3 38. Ke1 Kxb3 39. c5 bxc5 0-1

[Event "*** Titled Tuesday 3|2 Blitz (Late)"]
[Site "Chess.com"]
[Date "2016.12.06"]
[Round "4"]
[White "visa"]
[Black "CemilCan"]
[Result "0-1"]
[WhiteElo "2151"]
[BlackElo "2506"]
[TimeControl "180+2"]
[EndTime "17:41:52 PST"]
[Termination "CemilCan won by checkmate"]

1. e4 e6 2. d3 c5 3. Nd2 Nc6 4.
Ngf3 g6 5. g3 Bg7 6. Bg2 Nge7 7.
O-O O-O 8. a4 d6 9. Nc4 h6 10.
Bf4 e5 11. Be3 Be6 12. Qd2 Kh7 13. b3 Qd7 14. Ne1 b6 15. Rd1 f5 16. f4 fxe4 17. fxe5 Nxe5 18. Nxe5 Rxf1+ 19. Bxf1 Bxe5 20. Bxh6 Nf5 21.
Bg5 e3 22. Qg2 Rf8 23. g4 Nd4 24. h3 Rf2 25. Qa8 Qf7 26. Ng2 e2 27. Bxe2 Nxe2+ 28. Kh1 Rf1+ 29. Rxf1 Qxf1# 0-1

[Event "*** Titled Tuesday 3|2 Blitz (Late)"]
[Site "Chess.com"]
[Date "2016.12.06"]
[Round "4"]
[White "jcibarra"]
[Black "Divertissement"]
[Result "1-0"]
[WhiteElo "2631"]
[BlackElo "2430"]
[TimeControl "180+2"]
[EndTime "17:42:25 PST"]
[Termination "jcibarra won by resignation"]

1. e4 c5 2. c3 Nf6 3. e5 Nd5 4.
d4 cxd4 5. Nf3 e6 6. cxd4 d6 7.
a3 Bd7 8. Bd3 Bc6 9. O-O Nd7 10.
Re1 Qc7 11. b4 a6 12. Bb2 Be7 13. Nbd2 dxe5 14. dxe5 O-O 15. Rc1 Qd8 16. Qc2 g6 17.
Ne4 Rc8 18. Qd2 Re8 19. Qh6 Bf8 20. Qh3 Bg7 21. Qg3 Rf8 22. Nd6 Rc7 23. h4 Ne7 24. Ng5 Nf5 25. Bxf5 gxf5 26. Ndxf7 Qe7 27. Nd6 f4 28.
Qg4 1-0